 Dungeon Crawl Stone Soup version 0.29-a0-885-gb26ba3297d (webtiles) character file.

Game seed: 3707791343086797259

99 jimonade the Ducker (level 5, -3/39 HPs)
             Began as a Djinni Gladiator on July 21, 2022.
             Slain by a worm (5 damage)
             ... on level 3 of the Dungeon.
             The game lasted 00:03:11 (1724 turns).

jimonade the Ducker (Djinni Gladiator)              Turns: 1724, Time: 00:03:12

Health: -3/39      AC:  4    Str: 13    XL:     5   Next: 2%
Gold:   53         EV: 13    Int: 12    God:
                   SH:  0    Dex: 14

rFire   + + .      SeeInvis .   a - +0 long sword
rCold   x . .      Faith    +   (no shield)
rNeg    . . .      Spirit   .   b - +0 leather armour
rPois   ∞          Reflect  .   c - +0 helmet
rElec   .          Harm     .   (no cloak)
rCorr   .          Rampage  .   (no gloves)
Will    .....                   (boots unavailable)
Stlth   +.........              g - amulet of faith
HPRegen 0.13/turn               (no ring)
MPRegen 0.00/turn               (no ring)

@: flying
A: sickness immunity, fire resistance 2, cold vulnerability 1, float, innate
caster, HP casting, extra vitality 1
a: no special abilities


You were on level 3 of the Dungeon.
You visited 1 branch of the dungeon, and saw 3 of its levels.

You collected 53 gold pieces.

Inventory:

Hand Weapons
 a - a +0 long sword (weapon)
Missiles
 d - 3 throwing nets (quivered)
 e - a javelin
 m - 5 poisoned darts
Armour
 b - a +0 leather armour (worn)
 c - a +0 helmet (worn)
Jewellery
 g - an amulet of faith (around neck)
Scrolls
 f - 3 scrolls of identify {unknown}
 i - 2 scrolls of silence {unknown}
Potions
 h - a potion of haste {unknown}
 j - a potion of resistance {unknown}
 k - a potion of ambrosia {unknown}
 l - a potion of lignification {unknown}


   Skills:
 * Level 2.5 Fighting
 + Level 3.5 Long Blades
 - Level 1.5 Throwing
 + Level 1.1 Armour
 + Level 3.8 Dodging
 * Level 1.2 Spellcasting


You had 3 spell levels left.
You knew the following spells:

 Your Spells              Type           Power      Damage    Failure   Level
a - Apportation           Tloc           6%         N/A       22%         1
b - Passwall              Tmut/Erth      2%         N/A       32%         2
Your spell library was empty.

Dungeon Overview and Level Annotations

Branches:
Dungeon (2/15)

Altars:


Innate Abilities, Weirdness & Mutations

You are immune to sickness and miasma.
You are immune to poison.
Your flesh is very heat resistant. (rF++)
You are vulnerable to cold. (rC-)
You float through the air rather than walking.
You learn spells naturally, not from books.
Your magical power is your life essence.
You have superior vitality. (+4 MHP)


Message History

Jessica hits you but does no damage.
You completely miss Jessica. Jessica hits you with a +0 dagger.
You hit Jessica.
Jessica is lightly wounded.
Jessica hits you but does no damage.
You hit Jessica.
Jessica is moderately wounded.
Jessica misses you.
You hit Jessica but do no damage.
Jessica is moderately wounded.
Jessica hits you with a +0 dagger. The worm barely misses you.
You barely miss Jessica.
Jessica is moderately wounded.
Jessica hits you with a +0 dagger. The worm barely misses you.
Jessica hits you with a +0 dagger.
You hit Jessica but do no damage.
Jessica is moderately wounded.
Jessica casts a spell at you. Pain shoots through your body!
The worm closely misses you.
You hit Jessica.
Jessica is almost dead.
Jessica barely misses you.
You hit Jessica.
You kill Jessica!
The worm misses you.
You have reached level 5!
The power to cast Passwall wells up from within.
Spell assigned to 'b'.
You barely miss the worm. The worm bites you!
* * * LOW HITPOINT WARNING * * *
You hit the worm.
The worm is moderately wounded.
The worm bites you.
* * * LOW HITPOINT WARNING * * *
You hit the worm.
The worm is heavily wounded.
You barely miss the worm.
The worm is heavily wounded.
The worm bites you.
You die...

#+#
######.#
#....#.#
#..).#.#
#...@#.#
##..w.#.#
#.......#
#......?.#
#........#
#........#
#........#
#!.......#
##+#######


You could see a worm.

Vanquished Creatures
  Jessica (D:3)
  2 adders (D:2)
  A worm (D:2)
  11 bats
  3 endoplasms (D:1)
  3 goblins (D:1)
  4 hobgoblins (D:1)
  8 jackals (D:1)
  A quokka (D:1)
  2 ball pythons (D:1)
  A frilled lizard (D:1)
  7 kobolds
  3 rats
47 creatures vanquished.

Notes
Turn   | Place    | Note
-------+----------+-------------------------------------------
     0 | D:1      | jimonade the Djinni Gladiator began the quest for the Orb.
     0 | D:1      | Reached XP level 1. HP: 18/18 MP: 0/0
    63 | D:1      | Reached XP level 2. HP: 4/23 MP: 0/0
   668 | D:1      | Reached XP level 3. HP: 28/28 MP: 0/0
   668 | D:1      | Learned a level 1 spell: Apportation
  1417 | D:1      | Reached skill level 1 in Spellcasting
  1488 | D:2      | Reached XP level 4. HP: 34/34 MP: 0/0
  1568 | D:2      | Reached skill level 1 in Armour
  1706 | D:2      | You are sucked into a shaft and drop 1 floor!
  1710 | D:3      | Noticed Jessica
  1720 | D:3      | Killed Jessica
  1721 | D:3      | Reached XP level 5. HP: 13/39 MP: 0/0
  1721 | D:3      | Learned a level 2 spell: Passwall
  1724 | D:3      | Slain by a worm

Illustrated notes

Levels and vault maps discovered:
D:1:      lightli_arrival_boilingwater, layout_basic
D:2:      layout_rooms, minmay_unequal, uniq_crazy_yiuf_cottage
D:3:      layout_basic, minivault_26, uniq_jessica

Skill      XL: |  1  2  3  4 |
---------------+-------------+-----
Long Blades    | 3 |  3.5
Spellcasting   | 1 |  1.2
Armour         | 1 |  1.1
Fighting       | |  2.5
Throwing       | |  1.5
Dodging        | |  3.8

Action                   |  1- 3 |  4- 6 || total
-------------------------+-------+-------++-------
Melee: Long sword        |   114 |    41 ||   155
       Punch             |     2 |       ||     2
Armor: Leather armour    |    40 |    16 ||    56
Dodge: Dodged            |    96 |    34 ||   130

Table legend: (Time is in decaauts)
 A = Elapsed time spent in this place.
 B = Non-inter-level travel time spent in this place.
 C = Inter-level travel time spent in this place.
 D = Time resting spent in this place.
 E = Time spent auto-exploring this place.
 F = Levels seen in this place.
 G = Mean time per level.
                   A        B        C        D        E       F      G
               +--------+--------+--------+--------+--------+-----+--------+
         Total |   1762 |   1702 |     60 |      0 |   1311 |   3 |  587.3 |
       Dungeon |   1762 |   1702 |     60 |      0 |   1311 |   3 |  587.3 |
               +--------+--------+--------+--------+--------+-----+--------+

Top non-repeatable levels by time:
     D:1: 1509 daAuts
     D:2: 232 daAuts
     D:3: 20 daAuts
